 Dungeon Crawl Stone Soup version 0.30-a0-782-ge64f9170bb (webtiles) character file.

Game seed: 6135689071375399172

3256 tilp the Carver (level 10, -8/90 HPs)
             Began as a Meteoran Fighter on Mar 6, 2023.
             Was an Initiate of Okawaru.
             Mangled by Gastronok (13 damage)
             ... on level 8 of the Dungeon.
             The game lasted 00:22:42 (4041 turns).

tilp the Carver (Meteoran Fighter)                  Turns: 4041, Time: 00:22:43

Health: -8/90      AC: 16    Str: 18    XL:     10   Next: 42%
Magic:  11/11      EV:  7    Int: 10    God:    Okawaru [......]
Gold:   285        SH:  5    Dex: 18    Spells: 9/9 levels left

rFire   . . .      SeeInvis .    a - +1 long sword
rCold   . . .      Faith    +    c - +0 buckler
rNeg    . . .      Spirit   .    g - +0 plate armour
rPois   .          Reflect  .    e - +1 helmet
rElec   .          Harm     .    (no cloak)
rCorr   .          Rampage  .    (no gloves)
Will    +....                    C - +1 pair of boots Stlth
                                 f - amulet of faith
HPRegen 0.35/turn                (no ring)
MPRegen 0.12/turn                (no ring)

@: mighty, slowed, glowing, very slow
A: sense surroundings 2, otherworldly, glowing, explore regen
a: Renounce Religion


You were on level 8 of the Dungeon.
You worshipped Okawaru.
Okawaru was noncommittal.
You visited 2 branches of the dungeon, and saw 10 of its levels.

You collected 425 gold pieces.
You spent 140 gold pieces at shops.

Inventory:

Hand Weapons
 a - a +1 long sword (weapon)
 b - a +3 dagger
 q - a +1 dagger of venom
 s - a +1 dagger of draining
 t - the +0 rapier "Pity" {flame, *Rage Str+5}
   (You took it off an orc on level 4 of the Dungeon)

   Str:       It affects your strength (+5).
   *Rage:     It berserks you when you make melee attacks (+20% chance).
 u - a +0 whip of electrocution
Missiles
 h - a curare-tipped dart
 m - 29 poisoned darts (quivered)
Armour
 c - a +0 buckler (worn)
 d - a scarf of shadows
 e - a +1 helmet (worn)
 g - a +0 plate armour (worn)
 o - a +1 ring mail of cold resistance
 C - a +1 pair of boots (worn)
 F - a +1 ring mail of fire resistance
Jewellery
 f - an amulet of faith (around neck)
 i - an amulet of regeneration
Wands
 j - a wand of flame (26)
 z - a wand of roots (9)
Scrolls
 l - 2 scrolls of enchant weapon
 v - a scroll of fear
 w - 2 scrolls of teleportation
 y - a scroll of blinking
 G - a scroll of immolation
Potions
 k - a potion of curing
 n - 2 potions of flight
 p - 2 potions of magic
 r - a potion of heal wounds {unknown}
 x - 2 potions of lignification
 A - 2 potions of mutation {unknown}
 D - a potion of haste
 E - a potion of degeneration {unknown}


   Skills:
 * Level 8.4 Fighting
 * Level 10.3 Long Blades
 + Level 3.1 Throwing
 + Level 4.4 Armour
 + Level 6.3 Dodging
 + Level 2.3 Stealth
 + Level 4.4 Shields
 + Level 3.7 Evocations


You had 9 spell levels left.
You didn't know any spells.
Your spell library was empty.

Dungeon Overview and Level Annotations

Branches:
Dungeon (9/15) Zot: 1348   Temple (1/1) D:7 Zot: 550
   Lair: D:8-11         Orc: D:9-12

Altars:
Cheibriados
Dithmenos
Elyvilon
Fedhas
Gozag
Hepliaklqana
Makhleb
Okawaru
Qazlal
Ru
Sif Muna
Uskayaw
Vehumet
Xom
Yredelemnul
The Shining One

Shops:
D:3 !   D:5 (

Annotations:
D:8 Gastronok


Innate Abilities, Weirdness & Mutations

You passively map the area around you.
You are easily found by Zot.
You glow in the dark.
You regain HP and MP as you explore.


Message History

Gastronok puts on a burst of speed!
You hit Gastronok but do no damage.
Gastronok is moderately wounded.
You slash Gastronok!
Gastronok is moderately wounded.
Gastronok bites you.
You hit Gastronok.
Gastronok is moderately wounded.
Gastronok bites you!!
* * * LOW HITPOINT WARNING * * *
You slash Gastronok!
Gastronok is heavily wounded.
You hit Gastronok.
Gastronok is heavily wounded.
Gastronok bites you!!
* * * LOW HITPOINT WARNING * * *
You hit Gastronok but do no damage.
Gastronok is heavily wounded.
Gastronok barely misses you.
You slash Gastronok!
Gastronok is heavily wounded.
Gastronok bites you.
* * * LOW HITPOINT WARNING * * *
You feel better.
You feel very mighty all of a sudden.
Gastronok is buffeted by a sudden breeze.
Gastronok bites you but does no damage.
You slash Gastronok!
Gastronok is heavily wounded.
Gastronok bites you but does no damage.
You slash Gastronok!
Gastronok is severely wounded.
Gastronok bites you.
* * * LOW HITPOINT WARNING * * *
You hit Gastronok.
Gastronok is severely wounded.
You slice Gastronok!!
Gastronok is severely wounded.
Gastronok bites you!
You die...

##### ,.........# #.. , ......
.)..# ###############.##########.
....#######.........#.#..........
....'.[.)...............########.
....######...##..<#.#...# #.
##### #.).##.###.#......# #.
#...##..,..#.#.##.# #.
#########...########.#.#*,# #.
#...........รท..@.......#* #.
#<######....####w..#.### , #.
###* #.#### #...#... , , , , , *
#.# #...##### , ,,* #.# #...#* **
, *, ,,, , #.# ....... *, , ,
*#.# ..........# ,, * ..#
#..........# * , ** ..,
#..........# *


You could see Gastronok (swift).

Vanquished Creatures
  Joseph (D:8)
  Maggie (D:6)
  Psyche (D:8)
  Grinder (D:3)
  A steam dragon (D:6)
  A water moccasin (D:5)
  2 black bears
  An ice beast (D:6)
  A sky beast (D:6)
  An ogre (D:6)
  A centaur (D:5)
  2 bullfrogs (D:6)
  2 kobold brigands
  A necrophage (D:6)
  A scorpion (D:3)
  4 wights (D:7)
  A killer bee (D:8)
  3 howler monkeys (D:8)
  A crimson imp (D:5)
  4 jellies
  3 orc priests (D:6)
  3 hounds
  A gnoll bouda (D:3)
  An iguana (D:5)
  An orc wizard (D:4)
  Ijyb (D:3)
  Robin (D:4)
  10 gnolls
  4 adders
  2 shadow imps
  A white imp (D:7)
  4 ufetubi
  2 worms (D:4)
  A dart slug (D:4)
  21 orcs
  2 ball pythons
  4 endoplasms
  A giant cockroach (D:4)
  10 goblins
  7 hobgoblins
  2 quokkas
  2 bats
  11 kobolds
126 creatures vanquished.

Vanquished Creatures (others)
  4 toadstools (D:7)
4 creatures vanquished.

Grand Total: 130 creatures vanquished

Notes
Turn   | Place    | Note
-------+----------+-------------------------------------------
     0 | D:1      | tilp the Meteoran Fighter began the quest for the Orb.
     0 | D:1      | Reached XP level 1. HP: 19/19 MP: 2/2
    62 | D:3      | Found Piacegu's Distillery.
   100 | D:3      | Reached XP level 2. HP: 26/26 MP: 3/3
   102 | D:3      | Reached skill level 3 in Long Blades
   200 | D:3      | Reached skill level 1 in Dodging
   200 | D:3      | Reached XP level 3. HP: 29/31 MP: 4/4
   201 | D:3      | Found a faded altar of an unknown god.
   378 | D:3      | Bought a potion of curing for 42 gold pieces
   461 | D:3      | Found a blossoming altar of Fedhas.
   507 | D:3      | Found a shimmering blue altar of Sif Muna.
   630 | D:4      | Noticed Grinder
   630 | D:4      | Noticed Ijyb
   635 | D:4      | Paralysed by Grinder for 3 turns
   754 | D:3      | Bought a potion of might for 56 gold pieces
   780 | D:4      | Noticed Robin
   814 | D:4      | Found a basalt altar of Yredelemnul.
   823 | D:4      | Identified the +0 rapier "Pity" {flame, *Rage Str+5}
   832 | D:4      | Noticed a black bear
   835 | D:4      | Noticed a scorpion
   865 | D:3      | Killed a scorpion
   866 | D:3      | Reached skill level 4 in Long Blades
   866 | D:3      | Reached XP level 4. HP: 11/36 MP: 5/5
   866 | D:3      | Reached XP level 5. HP: 13/42 MP: 6/6
   919 | D:3      | Killed Ijyb
   920 | D:3      | Reached skill level 5 in Long Blades
   958 | D:3      | Killed Grinder
   959 | D:3      | Reached skill level 6 in Long Blades
   959 | D:3      | Reached skill level 1 in Evocations
   959 | D:3      | Reached XP level 6. HP: 37/53 MP: 7/7
   959 | D:3      | Reached XP level 7. HP: 41/60 MP: 8/8
  1004 | D:5      | Entered Level 5 of the Dungeon
  1135 | D:4      | Reached skill level 1 in Throwing
  1135 | D:4      | Reached skill level 1 in Stealth
  1231 | D:5      | Noticed a water moccasin
  1248 | D:5      | Killed a water moccasin
  1249 | D:5      | Reached skill level 5 in Fighting
  1249 | D:5      | Reached XP level 8. HP: 12/68 MP: 9/9
  1270 | D:4      | Found a shadowy altar of Dithmenos.
  1414 | D:3      | Bought a potion of lignification for 42 gold pieces
  1757 | D:5      | Reached skill level 7 in Long Blades
  1895 | D:4      | Killed Robin
  1953 | D:5      | Found Duzewieho's Weapon Shoppe.
  2286 | D:5      | Paralysed by a centaur for 3 turns
  2339 | D:5      | Found a burning altar of Makhleb.
  2488 | D:6      | Gained mutation: You passively map the area around you.
                  | [Meteoran growth]
  2488 | D:6      | Reached XP level 9. HP: 73/75 MP: 10/10
  2624 | D:6      | Noticed Maggie
  2636 | D:6      | Reached skill level 8 in Long Blades
  2643 | D:6      | HP: 3/75 [orc priest/divine providence (17)]
  3032 | D:6      | Reached skill level 9 in Long Blades
  3094 | D:6      | Killed Maggie
  3095 | D:6      | Reached skill level 5 in Dodging
  3458 | D:7      | Found a staircase to the Ecumenical Temple.
  3516 | D:7      | Reached XP level 10. HP: 76/87 MP: 11/11
  3640 | D:8      | Noticed Psyche
  3673 | D:8      | Reached skill level 10 in Long Blades
  3678 | D:8      | Killed Psyche
  3725 | Temple   | Entered the Ecumenical Temple
  3745 | Temple   | Became a worshipper of Warmaster Okawaru
  3868 | D:8      | Noticed Joseph
  3890 | D:8      | Killed Joseph
  3966 | D:8      | Found an opulent altar of Gozag.
  4019 | D:8      | Noticed Gastronok
  4033 | D:8      | HP: 3/90 [Gastronok (25)]
  4039 | D:8      | HP: 4/90 [Gastronok (6)]
  4041 | D:8      | Mangled by Gastronok

Illustrated notes

Levels and vault maps discovered:
D:1:      amcnicky_arrival_choice, layout_loops_corners, minmay_pentomino_r2
D:2:      layout_basic, lightli_corner_chamber, uniq_natasha
D:3:      layout_basic, mainiacjoe_overflow_24_doors, fedhas_altar_fruit_tree,
          hellmonk_ecumenical_altar_arch_garden, serial_shops, shop,
          bh_walls_and_bars
D:4:      layout_cave_pools, amcnicky_altar_gilded,
          nicolae_overflow_hidden_temple, hangedman_decor_opposing,
          uniq_grinder, uniq_ijyb, uniq_robin
D:5:      layout_basic, makhleb_grotto_becter, serial_shops,
          nicolae_shop_crystal
D:6:      layout_basic, hangedman_decor_lopped,
          hangedman_abyss_or_decor_jellyfish_corner, uniq_maggie
D:7:      layout_loops_corners, minmay_temple_entry_from_below_a,
          kennysheep_cluttered_room, minmay_gold_behind_fungi,
          grunt_decor_one_mirror, small_statue_intersection
D:8:      layout_basic, lemuel_crystal_altar, kennysheep_mini,
          mainiacjoe_overflow_divided_tiny, ebering_ghost_funeral_grove,
          uniq_gastronok, uniq_psyche, uniq_joseph
D:9:      layout_gridville, zin_academy, nicolae_overflow_crystal_walls,
          nicolae_hexahallways
Temple:   chequers_temple_sunken

Skill      XL: |  1  2  3  4  5  6  7  8  9 10 |
---------------+-------------------------------+-----
Long Blades    | 3 4 6 7 9 10 | 10.3
Dodging        | 1 2 3 5 6 |  6.3
Fighting       | 4 5 7 8 |  8.4
Evocations     | 1 3 |  3.7
Armour         | 4 |  4.4
Shields        | 4 |  4.4
Throwing       | 1 2 3 |  3.1
Stealth        | 1 2 |  2.3

Action                     |  1- 3 |  4- 6 |  7- 9 | 10-12 || total
---------------------------+-------+-------+-------+-------++-------
  Melee: Long sword        |    72 |    22 |   360 |    90 ||   544
  Throw: Dart              |       |       |     2 |     1 ||     3
  Evoke: Wand              |       |       |     2 |     1 ||     3
    Use: Scroll            |     4 |       |     8 |     1 ||    13
         Potion            |     1 |     1 |     3 |     2 ||     7
   Stab: Paralysed         |       |       |    12 |     4 ||    16
 Armour: Scale mail        |    18 |       |       |       ||    18
         Plate armour      |    51 |    13 |   272 |    40 ||   376
  Dodge: Dodged            |    33 |     4 |   106 |    22 ||   165
  Block: Buckler           |    22 |     1 |   103 |    27 ||   153

Table legend: (Time is in decaauts)
 A = Elapsed time spent in this place.
 B = Non-inter-level travel time spent in this place.
 C = Inter-level travel time spent in this place.
 D = Time resting spent in this place.
 E = Time spent auto-exploring this place.
 F = Levels seen in this place.
 G = Mean time per level.
                   A        B        C        D        E       F      G
               +--------+--------+--------+--------+--------+-----+--------+
         Total |   4099 |   3239 |    860 |      0 |      0 |  10 |  409.9 |
       Dungeon |   4050 |   3209 |    841 |      0 |      0 |   9 |  450.0 |
        Temple |     49 |     30 |     19 |      0 |      0 |   1 |   49.0 |
               +--------+--------+--------+--------+--------+-----+--------+

Top non-repeatable levels by time:
     D:5: 959 daAuts
     D:3: 834 daAuts
     D:6: 693 daAuts
     D:4: 597 daAuts
     D:7: 530 daAuts
     D:8: 360 daAuts
  Temple: 49 daAuts
     D:2: 38 daAuts
     D:1: 32 daAuts
     D:9: 4 daAuts
